 Dungeon Crawl Stone Soup version 0.28.0-53-g5a82cb258f (webtiles) character file.

Game seed: 9027369238029941262

4200 Plasmagod the Basher (level 10, -4/77 HPs)
             Began as a Minotaur Fighter on July 14, 2022.
             Was a High Priest of Cheibriados.
             Slain by Harold
             ... wielding a +0 halberd
              (20 damage)
             ... on level 7 of the Dungeon.
             The game lasted 00:25:12 (7493 turns).

Plasmagod the Basher (Minotaur Fighter)             Turns: 7493, Time: 00:25:13

Health: -4/77      AC: 12    Str: 42    XL:     10   Next: 8%
Magic:  8/13       EV: 10    Int: 18    God:    Cheibriados [*****.]
Gold:   457        SH:  7    Dex: 25    Spells: 9/9 levels left

rFire   . . .      SeeInvis +   s - +5 flail
rCold   . . .      Faith    .   c - +0 buckler
rNeg    . . .      Spirit   .   r - +1 plate armour
rPois   .          Reflect  .   (helmet restricted)
rElec   .          Harm     .   b - +1 cloak
rCorr   .          Rampage  .   (no gloves)
Will    .....                   (no boots)
Stlth   ..........              (no amulet)
HPRegen 0.22/turn               i - ring of see invisible
MPRegen 0.13/turn               n - +6 ring of strength

@: very slow
A: horns 2, retaliatory headbutt, deformed body, frail 1, no potion heal 1
a: Renounce Religion, Bend Time, Temporal Distortion, Slouch, Step From Time


You were on level 7 of the Dungeon.
You worshipped Cheibriados.
Cheibriados was extremely pleased with you.
You visited 1 branch of the dungeon, and saw 7 of its levels.

You collected 457 gold pieces.

Inventory:

Hand Weapons
 f - a +4 flail
 s - a +5 flail (weapon)
Missiles
 g - 2 javelins (quivered)
Armour
 b - a +1 cloak (worn)
 c - a +0 buckler (worn)
 r - a +1 plate armour (worn)
Jewellery
 a - a ring of positive energy
 i - a ring of see invisible (left hand)
 n - a +6 ring of strength (right hand)
Wands
 h - a wand of flame (40)
 p - a wand of iceblast (19)
 q - a wand of paralysis (11)
Scrolls
 l - a scroll of teleportation
Potions
 d - a potion of might
 e - 2 potions of curing
 j - a potion of lignification {unknown}
 k - a potion of heal wounds {unknown}
 m - a potion of attraction {unknown}
 o - a potion of haste {unknown}
 w - a potion of cancellation {unknown}
 x - a potion of invisibility


   Skills:
 + Level 7.3 Fighting
 + Level 3.0(6.9) Axes
 + Level 9.8(10.0) Maces & Flails
 + Level 0.1 Throwing
 + Level 9.1 Armour
 + Level 1.8 Dodging
 + Level 0.8 Stealth
 + Level 7.1 Shields
 * Level 5.9 Invocations


You had 9 spell levels left.
You didn't know any spells.
Your spell library contained the following spells:

 Spells                   Type           Power      Damage    Failure   Level
 Shock                    Conj/Air       0%         1d3       77%         1
 Conjure Flame            Conj/Fire      0%         6-21      98%         3
 Ignite Poison            Fire/Tmut/Pois 0%         N/A       98%         3
 Mephitic Cloud           Conj/Pois/Air  0%         N/A       98%         3
 Swiftness                Air            0%         N/A       98%         3
 Airstrike                Air            0%         N/A       100%        4
 Sticky Flame             Conj/Fire      0%         2d3       100%        4
 Freezing Cloud           Conj/Ice/Air   0%         6-21      100%        5


Dungeon Overview and Level Annotations

Branches:
Dungeon (7/15)             Temple (0/1) D:4

Altars:
Cheibriados
Gozag
Kikubaaqudgha
Sif Muna

Shops:
D:1 !

Annotations:
D:7 Harold


Innate Abilities, Weirdness & Mutations

You have a pair of horns on your head.
You reflexively headbutt those who attack you in melee.
Armour fits poorly on your strangely shaped body.
You are frail. (-10% HP)
Potions are less effective at restoring your health.


Message History

Cheibriados appreciates the change of pace. 2 white imps come into view.
The white imp shouts!
Harold the Weathered comes into view.
He is wielding a +0 halberd.
The white imp gestures at you.
The puff of frost hits you but does no damage.
Press: ? - help, v - describe, . - travel
Here: Harold, wielding a +0 halberd, wearing a +0 scale mail and quivering 4 throwing nets (wandering, hasn't noticed you)
The floor.
The white imp gestures at you.
The puff of frost hits you but does no damage.
The white imp gestures at you. The puff of frost hits you.
You bludgeon the white imp!!
You kill the white imp!
Cheibriados appreciates the change of pace.
You block Harold's attack. Harold hits you with a +0 halberd!
You hit Harold. You headbutt Harold!
Harold is moderately wounded.
Harold hits you with a +0 halberd!
You sock Harold!
Harold is moderately wounded.
Harold hits you with a +0 halberd!!
You barely miss Harold. Your headbutt misses Harold.
Harold is moderately wounded.
You block Harold's attack.
You hit Harold but do no damage.
Harold is moderately wounded.
You hit Harold. You headbutt Harold, but do no damage.
Harold is moderately wounded.
Harold hits you with a +0 halberd!!
* * * LOW HITPOINT WARNING * * *
Activating: Slouch (13% risk of failure)
Press: ? - help, Dir - look around, f - activate You can feel time thicken for a moment.
You kill the white imp!
Cheibriados thoroughly appreciates the change of pace.
Cheibriados lowers the support of your attributes as your movement quickens.
Harold hits you with a +0 halberd!!
You die...

#.##.# #.... ....
#.#####.. ..5.....#
#.####.# #......#
####@###### ...#
#....@..# #...#
#.##.##.# #...# ..
...##.# #...#
#.#....##.#####...#####
# #.#.###..............
#.........(..........
#...........>........
....#########...####
### #.......#


You could see Harold.

Vanquished Creatures
  4 centaur zombies
  Grinder (D:3)
  A vampire (D:7)
  Eustachio (D:6)
  Edmund (D:4)
  Menkaure (D:4)
  3 water moccasins
  Duvessa (D:5)
  An ice beast (D:5)
  A necrophage (D:6)
  A sky beast (D:5)
  2 black bears
  A hornet zombie (D:6)
  An orc warrior (D:6)
  An ogre (D:6)
  A phantom (D:4)
  3 water moccasin zombies (D:6)
  A bullfrog (D:7)
  4 scorpions
  Dowan (D:5)
  5 wights
  5 bullfrog zombies
  A human zombie (D:6)
  3 hounds
  5 orc priests
  Crazy Yiuf (D:2)
  A bullfrog skeleton (D:6)
  A centaur skeleton (D:5)
  Terence (D:2)
  Natasha (thrice) (D:2)
  3 iguanas
  7 orc wizards
  2 mummies (D:6)
  Robin (D:3)
  A gnoll (D:1)
  6 adders
  3 white imps
  3 ufetubi
  A worm (D:2)
  3 dart slugs
  38 orcs
  8 bats
  7 endoplasms
  4 giant cockroaches
  12 goblins
  7 hobgoblins
  10 jackals
  3 quokkas
  5 ball pythons
  3 frilled lizards
  7 kobolds
  3 rats
194 creatures vanquished.

Notes
Turn   | Place    | Note
-------+----------+-------------------------------------------
     0 | D:1      | Plasmagod the Minotaur Fighter began the quest for the Orb.
     0 | D:1      | Reached XP level 1. HP: 19/19 MP: 0/0
    55 | D:1      | Found a faded altar of an unknown god.
    63 | D:1      | Prayed at the altar of an unknown god.
    63 | D:1      | Became a worshipper of Cheibriados the Contemplative
    63 | D:1      | Reached * piety under Cheibriados
   141 | D:1      | HP: 1/20 [gnoll/+4 flail (1)]
   144 | D:1      | Reached XP level 2. HP: 2/27 MP: 1/1
   624 | D:1      | Found Unept's Distillery.
   803 | D:1      | Reached XP level 3. HP: 33/33 MP: 2/2
  1140 | D:2      | Reached ** piety under Cheibriados
  1290 | D:2      | Noticed Terence
  1296 | D:2      | Killed Terence
  1301 | D:2      | Reached XP level 4. HP: 26/40 MP: 3/3
  1517 | D:2      | Found a runed translucent door.
  1518 | D:2      | Noticed Crazy Yiuf
  1665 | D:2      | Reached skill level 1 in Maces & Flails
  1876 | D:2      | Noticed Natasha
  1887 | D:2      | Killed Natasha
  1888 | D:2      | Reached skill level 1 in Invocations
  2032 | D:2      | Noticed Natasha
  2035 | D:2      | Killed Natasha
  2036 | D:2      | Reached XP level 5. HP: 40/47 MP: 4/4
  2284 | D:2      | Noticed Natasha
  2289 | D:2      | Killed Natasha
  2290 | D:2      | Reached skill level 5 in Armour
  2424 | D:2      | Killed Crazy Yiuf
  2498 | D:3      | Noticed Robin
  2507 | D:3      | Killed Robin
  2509 | D:3      | Reached *** piety under Cheibriados
  2532 | D:3      | Reached XP level 6. HP: 28/53 MP: 6/6
  2798 | D:3      | Noticed Grinder
  2807 | D:3      | Killed Grinder
  2934 | D:3      | Reached skill level 5 in Fighting
  3032 | D:3      | Reached **** piety under Cheibriados
  3033 | D:3      | Reached XP level 7. HP: 45/61 MP: 7/7
  3749 | D:4      | Noticed Menkaure
  3761 | D:4      | Killed Menkaure
  3762 | D:4      | Reached skill level 1 in Dodging
  3788 | D:4      | Noticed Edmund
  3823 | D:4      | Found a staircase to the Ecumenical Temple.
  4048 | D:4      | Killed Edmund
  4118 | D:4      | Reached skill level 5 in Maces & Flails
  4118 | D:4      | Reached skill level 5 in Shields
  4321 | D:4      | Reached XP level 8. HP: 67/69 MP: 9/9
  4437 | D:5      | Entered Level 5 of the Dungeon
  4743 | D:5      | Reached ***** piety under Cheibriados
  4930 | D:5      | Found an opulent altar of Gozag.
  5254 | D:5      | Noticed Duvessa
  5254 | D:5      | Noticed Dowan
  5266 | D:5      | Killed Dowan
  5270 | D:5      | Gained mutation: Potions are less effective at restoring
                  | your health. [potion of mutation]
  5270 | D:5      | Gained mutation: You are frail. (-10% HP) [potion of
                  | mutation]
  5270 | D:5      | Gained mutation: Armour fits poorly on your strangely
                  | shaped body. [potion of mutation]
  5271 | D:5      | Killed Duvessa
  5645 | D:5      | Reached XP level 9. HP: 69/70 MP: 11/11
  5685 | D:5      | Found a shimmering blue altar of Sif Muna.
  6120 | D:6      | Noticed Eustachio
  6137 | D:6      | Killed Eustachio
  6138 | D:6      | Reached skill level 5 in Invocations
  6652 | D:6      | Found an ancient bone altar of Kikubaaqudgha.
  7021 | D:7      | Reached XP level 10. HP: 62/76 MP: 13/13
  7480 | D:7      | Noticed Harold
  7493 | D:7      | Slain by Harold

Illustrated notes

Levels and vault maps discovered:
D:1:      pf_arrival_petrified_forest, layout_loops_ring, serial_shops, shop,
          shapermc_ecumenical_altar_mp_highgroup
D:2:      layout_loops_corners, uniq_crazy_yiuf_cottage, uniq_natasha,
          uniq_terence
D:3:      layout_loops_ring, minmay_fractal_squares_diagonal_5, uniq_grinder,
          uniq_robin
D:4:      layout_basic, temple_pool_b, uniq_menkaure, uniq_edmund
D:5:      layout_cave_pools, kennysheep_mini,
          nicolae_gozag_cash_rules_everything_around_me, uniq_duvessa
D:6:      layout_basic, lemuel_mausoleum_altar_kikubaaqudgha, uniq_eustachio
D:7:      layout_loops_cross, biasface_ghost_orc_armoury, serial_shops, shop,
          chequers_garden, minmay_shop_chei, lightli_corner_chamber, uniq_pikel,
          uniq_harold

Skill      XL: |  1  2  3  4  5  6  7  8  9 |
---------------+----------------------------+-----
Armour         | 4 5 6 7 9 |  9.1
Fighting       | 4 5 6 7 |  7.3
Shields        | 4 5 7 |  7.1
Axes           | 3 |  3.0
Maces & Flails | 1 2 3 5 7 9 |  9.8
Invocations    | 1 2 3 4 5 |  5.9
Dodging        | 1 |  1.8
Throwing       | |  0.1
Stealth        | |  0.8

Action                   |  1- 3 |  4- 6 |  7- 9 | 10-12 || total
-------------------------+-------+-------+-------+-------++-------
Melee: War axe           |    12 |       |       |       ||    12
       Headbutt          |     7 |     8 |    43 |     6 ||    64
       Flail             |    33 |    95 |   235 |    30 ||   393
Throw: Javelin           |       |     2 |       |       ||     2
Invok: Bend Time         |       |     1 |     1 |     1 ||     3
       Slouch            |       |       |     1 |     1 ||     2
       Temporal Distorti |       |       |     1 |       ||     1
  Use: Scroll            |       |       |     6 |       ||     6
       Potion            |       |       |     2 |       ||     2
Armor: Scale mail        |    11 |    48 |     3 |       ||    62
       Plate armour      |       |       |   146 |    13 ||   159
Dodge: Dodged            |    24 |    59 |   105 |    16 ||   204
Block: Buckler           |    13 |    31 |    91 |    10 ||   145
